 Dungeon Crawl Stone Soup version 0.31-a0-237-g2d982f9f85 (webtiles) character file.

Game seed: 3856197975605722826

8114 lunkers the Arsonist (level 11, 0/77 HPs)
             Began as a Meteoran Wanderer on July 11, 2023.
             Was a Believer of Sif Muna.
             Slain by a yak (7 damage)
             ... on level 1 of the Lair of Beasts.
             The game lasted 00:18:05 (3907 turns).

lunkers the Arsonist (Meteoran Wanderer)            Turns: 3907, Time: 00:18:06

Health: 0/77       AC:  8    Str: 19    XL:     11   Next: 78%
Magic:  16/27      EV: 11    Int: 17    God:    Sif Muna [**....]
Gold:   383        SH:  0    Dex: 16    Spells: 25/33 levels left

rFire   . . .        j - staff of earth
rCold   . . .        (no shield)
rNeg    . . .        m - +3 leather armour
rPois   .            f - +0 helmet
rElec   .            (no cloak)
rCorr   .            (no gloves)
SInv    .            o - +0 pair of boots
Will    +....        (no amulet)
Stlth   +            d - ring of wizardry
HPRegen 0.32/turn    p - +6 ring of strength
MPRegen 0.20/turn

%: wizardry (x1)
@: glowing
A: sense surroundings 2, otherworldly, glowing, explore regen
a: Renounce Religion, Channel Magic


You were on level 1 of the Lair of Beasts.
You worshipped Sif Muna.
Sif Muna was pleased with you.
You visited 3 branches of the dungeon, and saw 13 of its levels.

You collected 383 gold pieces.

Inventory:

Hand Weapons
 k - a +1 short sword of electrocution
Armour
 f - a +0 helmet (worn)
 m - a +3 leather armour (worn)
 o - a +0 pair of boots (worn)
Magical Staves
 j - a staff of earth (weapon)
Jewellery
 d - a ring of wizardry (left hand)
 p - a +6 ring of strength (right hand)
Wands
 r - a wand of charming (7)
Scrolls
 e - a scroll of revelation
 h - a scroll of blinking
 n - a scroll of teleportation
 s - 2 scrolls of identify
Potions
 a - a potion of magic
 b - a potion of might
 c - 2 potions of curing
 g - a potion of attraction
 i - 2 potions of resistance
 l - a potion of enlightenment
 q - a potion of brilliance


   Skills:
 - Level 1.1 Fighting
 - Level 2.4 Armour
 + Level 11.8 Spellcasting
 - Level 9.8 Conjurations
 * Level 13.5 Fire Magic
 - Level 6.3 Earth Magic


You had 25 spell levels left.
You knew the following spells:

 Your Spells              Type           Power      Damage    Failure   Level
b - Stone Arrow           Conj/Erth      100%       3d13      1%          3
c - Sticky Flame          Conj/Fire      49%        2d7       1%          4
p - Magic Dart            Conj           100%       1d8       1%          1

Your spell library contained the following spells:

 Spells                   Type           Power      Damage    Failure   Level
 Kiss of Death            Conj/Necr      100%       2d13      1%          1
 Shock                    Conj/Air       100%       1d9       1%          1
 Ignite Poison            Fire/Tmut/Pois 25%        N/A       1%          3
 Apportation              Tloc           20%        N/A       3%          1
 Necrotise                Necr           40%        1d6       3%          1
 Summon Small Mammal      Summ           40%        N/A       3%          1
 Sublimation of Blood     Necr           10%        N/A       5%          2
 Wereblood                Tmut           10%        N/A       5%          2
 Call Canine Familiar     Summ           10%        N/A       11%         3
 Frozen Ramparts          Ice            20%        1d4       11%         3
 Summon Guardian Golem    Hex/Summ       10%        N/A       11%         3
 Ignition                 Fire           27%        3d9       61%         8
 Alistair's Intoxication  Tmut/Pois      6%         N/A       65%         5
 Summon Hydra             Summ           5%         N/A       100%        7


Dungeon Overview and Level Annotations

Branches:
Dungeon (11/15) Zot: 2998  Temple (1/1) D:7 Zot: 301    Lair (1/5) D:10 Zot: 543
    Orc: D:9-12

Altars:
Ashenzari
Cheibriados
Elyvilon
Fedhas
Gozag
Hepliaklqana
Kikubaaqudgha
Makhleb
Nemelex Xobeh
Okawaru
Qazlal
Ru
Sif Muna
Trog
Uskayaw
Vehumet
Xom
Yredelemnul
The Shining One


Innate Abilities, Weirdness & Mutations

You passively map the area around you.
You are easily found by Zot.
You glow in the dark.
You regain HP and MP as you explore.


Message History

The yak gores you.
* * * LOW HITPOINT WARNING * * *
Okay, then.
The yak attacks as you move away! The yak misses you.
Found a short iron wand.
The yak burns!
The yak burns!
The yak attacks as you move away! The yak gores you!
* * * LOW HITPOINT WARNING * * *
The yak attacks as you move away! The yak gores you!
* * * LOW HITPOINT WARNING * * *
The yak burns!
As you read the scroll of teleportation, it crumbles to dust.
You feel strangely unstable.
The yak burns!
You kill the yak!
Sif Muna accepts your kill. The bullfrog barely misses you.
Your surroundings suddenly seem different.
The yak bellows!
The yak attacks as you move away! The yak gores you!
* * * LOW HITPOINT WARNING * * *
Casting: Sticky Flame (safe; 1% risk of failure)
Confirm with . or Enter, or press ? or * to list all spells.
Aiming: Sticky Flame (safe; 1% risk of failure)
Press: ? - help, Shift-Dir - straight line, f - yak
Aim: a yak The sticky flame hits the yak.
The yak is lightly wounded.
The yak is covered in liquid flames!
The bullfrog croaks.
The yak burns!
The yak gores you.
* * * LOW HITPOINT WARNING * * *
The yak attacks as you move away! The yak gores you but does no damage.
The yak burns!
Aiming: Stone Arrow (safe; 1% risk of failure)
Press: ? - help, Q - select action, (/) - cycle Shift-Dir - straight line, f/p - yak
Aim: a yak (moderately wounded, covered in liquid flames, 90% to hit)
You feel a surge of power!
The stone arrow hits the yak!!
The yak is severely wounded.
The yak burns!
The yak gores you!
You die...

, #....# #............ ,
# * #....# #......#.....
, .P###....#
#Y.Y...#..... ,
.........# #....$.+ ....
, .........#
##......#..... ,
,........<#
#.......#.#+#. , **
######..#######Y........
, , #...##.#.Y.........
* #....@YY.F......... ,
#.................. , *
#.................. , *
* #.................. ,
, ** ,*
#.................. , ,
,
......................,
, , ,
.........P.##.###..#.. ,
..........#...... ....#
, , ,
................Y......,


You could see 4 yaks and a bullfrog.

Vanquished Creatures
  Erolcha (D:10)
  5 elephants
  An unseen horror (D:8)
  A komodo dragon (D:10)
  A shadow (D:11)
  3 wyverns
  2 wraiths (D:9)
  7 yaks
  A steam dragon (D:6)
  5 water moccasins
  An ice beast (D:6)
  A sky beast (D:8)
  7 orc warriors
  2 black bears
  An ogre (D:7)
  8 centaurs
  A kobold brigand (D:8)
  4 bullfrogs
  2 scorpions
  4 killer bees (D:8)
  A howler monkey (D:9)
  A crimson imp (D:8)
  A hound (D:6)
  2 jellies
  3 orc priests
  2 iguanas
  7 orc wizards
  A sleepcap (D:4)
  An adder (D:2)
  A white imp (D:7)
  2 dart slugs
  30 orcs
  3 endoplasms
  4 giant cockroaches
  6 hobgoblins
  8 jackals
  7 kobolds
  4 quokkas
  5 ball pythons
  5 bats
  2 frilled lizards
  2 goblins
  A goblin zombie (D:11)
  6 rats
163 creatures vanquished.

Notes
Turn   | Place    | Note
-------+----------+-------------------------------------------
     0 | D:1      | lunkers the Meteoran Wanderer began the quest for the Orb.
     0 | D:1      | lunkers set off with the following items: a +0 dagger, a
                  | scroll of teleportation, a +0 ring mail; and the following
                  | spells available to memorise: Magic Dart, Kiss of Death,
                  | Shock, Necrotise, Stone Arrow, Frozen Ramparts.
     0 | D:1      | Reached XP level 1. HP: 16/16 MP: 9/9
     2 | D:1      | Learned a level 1 spell: Magic Dart
   226 | D:1      | Reached XP level 2. HP: 21/23 MP: 8/10
   350 | D:1      | Reached XP level 3. HP: 28/28 MP: 6/12
   499 | D:2      | Learned a level 3 spell: Stone Arrow
   672 | D:2      | Reached skill level 1 in Earth Magic
   672 | D:2      | Reached XP level 4. HP: 27/35 MP: 13/13
   766 | D:2      | Found a faded altar of an unknown god.
   777 | D:3      | Noticed an ogre
   882 | D:3      | Reached XP level 5. HP: 40/40 MP: 8/15
   917 | D:3      | Reached skill level 5 in Conjurations
  1149 | D:4      | You fall into a shaft and drop 2 floors!
  1154 | D:6      | Noticed an ice beast
  1155 | D:6      | Noticed a steam dragon
  1163 | D:6      | Killed a steam dragon
  1164 | D:6      | Reached XP level 6. HP: 23/47 MP: 3/16
  1181 | D:5      | Entered Level 5 of the Dungeon
  1331 | D:4      | Reached XP level 7. HP: 52/52 MP: 13/17
  1550 | D:5      | Found a sacrificial altar of Ru.
  1619 | D:6      | Reached XP level 8. HP: 21/59 MP: 4/18
  1630 | D:6      | Reached skill level 5 in Earth Magic
  1837 | D:7      | Found an ancient bone altar of Kikubaaqudgha.
  1860 | D:7      | Found a staircase to the Ecumenical Temple.
  1870 | Temple   | Entered the Ecumenical Temple
  2141 | Temple   | Became a worshipper of Sif Muna the Loreminder
  2147 | Temple   | Learned a level 4 spell: Sticky Flame
  2201 | D:7      | Reached skill level 1 in Fire Magic
  2201 | D:7      | Gained mutation: You passively map the area around you.
                  | [Meteoran growth]
  2201 | D:7      | Reached XP level 9. HP: 64/64 MP: 12/20
  2377 | D:8      | Reached skill level 2 in Fire Magic
  2377 | D:8      | Killed an unseen horror
  2378 | D:8      | Reached skill level 4 in Fire Magic
  2430 | D:7      | Reached skill level 5 in Fire Magic
  2501 | D:8      | Found a burning altar of Makhleb.
  2544 | D:8      | Reached skill level 6 in Fire Magic
  2660 | D:8      | Reached skill level 7 in Fire Magic
  2702 | D:8      | Reached XP level 10. HP: 29/71 MP: 19/23
  3002 | D:9      | Reached skill level 8 in Fire Magic
  3114 | D:9      | Found a blossoming altar of Fedhas.
  3135 | D:9      | Reached * piety under Sif Muna
  3205 | D:9      | Reached skill level 9 in Fire Magic
  3386 | D:9      | Found a stormy altar of Qazlal.
  3450 | D:10     | Entered Level 10 of the Dungeon
  3459 | D:9      | Reached skill level 10 in Fire Magic
  3479 | D:10     | Reached skill level 10 in Spellcasting
  3557 | D:10     | Noticed Erolcha
  3566 | D:10     | Killed Erolcha
  3567 | D:10     | Reached skill level 11 in Fire Magic
  3567 | D:10     | Reached XP level 11. HP: 70/77 MP: 5/26
  3658 | D:10     | Found a staircase to the Lair.
  3683 | Lair:1   | Entered Level 1 of the Lair of Beasts
  3683 | Lair:1   | Noticed an elephant
  3683 | Lair:1   | Noticed an elephant
  3683 | Lair:1   | Noticed an elephant
  3684 | Lair:1   | Noticed an elephant
  3727 | Lair:1   | Noticed an elephant
  3743 | D:10     | Killed an elephant
  3744 | D:10     | Reached skill level 12 in Fire Magic
  3747 | D:10     | Killed an elephant
  3803 | D:10     | Killed an elephant
  3822 | D:10     | Killed an elephant
  3825 | D:10     | Reached skill level 13 in Fire Magic
  3863 | Lair:1   | Killed an elephant
  3889 | Lair:1   | Reached ** piety under Sif Muna
  3907 | Lair:1   | Slain by a yak

Illustrated notes

Levels and vault maps discovered:
D:1:      dpeg_arrival_three_same_balls, layout_basic,
          chequers_serial_rivers_marsh, minivault_23
D:2:      layout_rooms, basic_ecumenical_altar
D:3:      layout_basic
D:4:      layout_basic, nicolae_shop_clearance, uniq_edmund
D:5:      layout_loops_corners, hangedman_ru_absence,
          mainiacjoe_overflow_cross_hatched, serial_shops,
          nicolae_shop_hallway_plus, uniq_ijyb
D:6:      cheibrodos_two_vegetables, layout_basic, nicolae_figureground_sparkle
D:7:      layout_cave_pods, lemuel_doored_altar, mainiacjoe_overflow_alcove_1,
          minmay_temple_entry_tees
D:8:      layout_loops_ring, makhleb_grotto_becter, hellmonk_bongcloud_opening
D:9:      layout_loops_corners, grunt_temple_overflow_forces_of_nature,
          kennysheep_generic_room_14
D:10:     layout_irregular_city, nzn_wu_jian_council_hall,
          minmay_lair_entry_grove, uniq_erolcha
D:11:     layout_loops_ring, zombieorc2_lemuel,
          gammafunk_ghost_berserking_beasts, uniq_harold, uniq_snorg
Temple:   minmay_temple_curvy_branch
Lair:1:   minmay_guarded_unrand_snakebite, layout_chaotic_city,
          fungi_pond_lemuel

Skill      XL: |  1  2  3  4  5  6  7  8  9 10 11 |
---------------+----------------------------------+-----
Conjurations   | 2 3 4 6 7 9 |  9.8
Earth Magic    | 1 3 4 6 |  6.3
Fire Magic     | 1 7 11 13 | 13.5
Spellcasting   | 8 10 11 | 11.8
Fighting       | |  1.1
Armour         | |  2.4

Action                     |  1- 3 |  4- 6 |  7- 9 | 10-12 || total
---------------------------+-------+-------+-------+-------++-------
  Melee: Dagger            |    56 |       |       |       ||    56
         Punch             |     1 |     3 |     3 |     4 ||    11
         Staff             |    42 |    43 |   184 |   143 ||   412
   Cast: Magic Dart        |    48 |    18 |     2 |       ||    68
         Stone Arrow       |       |    23 |    69 |    47 ||   139
         Sticky Flame      |       |       |       |    33 ||    33
    Use: Scroll            |       |    10 |     2 |     6 ||    18
         Potion            |       |       |     1 |       ||     1
 Armour: Ring mail         |    44 |     1 |       |       ||    45
         Leather armour    |       |    12 |    58 |    69 ||   139
  Dodge: Dodged            |    52 |    13 |    57 |    85 ||   207

Table legend: (Time is in decaauts)
 A = Elapsed time spent in this place.
 B = Non-inter-level travel time spent in this place.
 C = Inter-level travel time spent in this place.
 D = Time resting spent in this place.
 E = Time spent auto-exploring this place.
 F = Levels seen in this place.
 G = Mean time per level.
                   A        B        C        D        E       F      G
               +--------+--------+--------+--------+--------+-----+--------+
         Total |   3955 |   3828 |    127 |      0 |   2201 |  13 |  304.2 |
       Dungeon |   3601 |   3517 |     84 |      0 |   1961 |  11 |  327.4 |
        Temple |    298 |    255 |     43 |      0 |    240 |   1 |  298.0 |
          Lair |     55 |     55 |      0 |      0 |      0 |   1 |   55.0 |
               +--------+--------+--------+--------+--------+-----+--------+

Top non-repeatable levels by time:
     D:8: 591 daAuts
     D:9: 530 daAuts
     D:1: 455 daAuts
     D:7: 430 daAuts
     D:3: 346 daAuts
     D:2: 339 daAuts
    D:10: 308 daAuts
  Temple: 298 daAuts
     D:4: 263 daAuts
     D:5: 139 daAuts
     D:6: 109 daAuts
    D:11: 86 daAuts
  Lair:1: 55 daAuts
